 Dungeon Crawl Stone Soup version 0.24-a0-208-g17bec22d17 (webtiles) character file.

Game seed: 12445221341977082360

16 Redear the Grave Robber (level 2, -1/22 HPs)
             Began as a Demonspawn Necromancer on Mar 29, 2019.
             Slain by a hobgoblin
             ... wielding a +0 club
              (3 damage)
             ... on level 1 of the Dungeon.
             The game lasted 00:05:22 (838 turns).

Redear the Grave Robber (Demonspawn Necromancer)     Turns: 838, Time: 00:05:22

Health: -1/22      AC:  2    Str:  8    XL:     2   Next: 41%
Magic:  5/5        EV: 12    Int: 16    God:
Gold:   83         SH:  0    Dex: 13    Spells: 3/5 levels left

rFire    . . .     SeeInvis .   g - +0 short sword
rCold    . . .     Gourm    .   (no shield)
rNeg     . . .     Faith    .   a - +0 robe
rPois    .         Spirit   .   (no helmet)
rElec    .         Reflect  .   e - scarf {cloud immunity}
rCorr    .         Harm     .   (no gloves)
MR       .....                  (no boots)
Stlth    +++.......             (no amulet)
HPRegen  0.07/turn              (no ring)
MPRegen  0.09/turn              (no ring)

@: no status effects
A: nightstalker 1
a: no special abilities


You were on level 1 of the Dungeon.
You were not hungry.

You visited 1 branch of the dungeon, and saw 1 of its levels.

You collected 83 gold pieces.

Inventory:

Hand Weapons
 g - a +0 short sword (weapon)
Missiles
 Q - 38 stones (quivered)
Armour
 a - a +0 robe (worn)
 e - a scarf of cloud immunity (worn)
Potions
 b - 2 potions of agility {unknown}
 d - a potion of lignification {unknown}
 f - a potion of curing {unknown}
Comestibles
 c - 2 rations


   Skills:
 + Level 2.1 Fighting
 - Level 1.7 Dodging
 - Level 1.7 Stealth
 - Level 2.0 Spellcasting
 - Level 4.3 Necromancy


You had 3 spell levels left.
You knew the following spells:

 Your Spells              Type           Power        Failure   Level  Hunger
a - Pain                  Necr           ###.         3%          1    #......
z - Animate Skeleton      Necr           N/A          3%          1    #......

Your spell library contained the following spells:

 Spells                   Type           Power        Failure   Level  Hunger
 Vampiric Draining        Necr           ###.......   11%         3    ###....
 Regeneration             Chrm/Necr      #.........   26%         3    ###....
 Animate Dead             Necr           N/A          34%         4    #####..


Dungeon Overview and Level Annotations

Branches:
Dungeon (1/15)

Altars:


Innate Abilities, Weirdness & Mutations

You are slightly more attuned to the shadows.


Message History

You hit the bat.
You kill the bat!
The bat hits you.
* * * LOW HITPOINT WARNING * * *
You take 1 damage, and have 8/22 hp.
The bat barely misses you.
You see here a bat corpse.
You closely miss the hobgoblin. The hobgoblin closely misses you.
You hit the hobgoblin. The hobgoblin closely misses you.
You hit the hobgoblin but do no damage. The hobgoblin misses you.
You hit the hobgoblin but do no damage. The hobgoblin hits you with a +0 club.
* * * LOW HITPOINT WARNING * * *
You take 2 damage, and have 6/22 hp.
You barely miss the hobgoblin. The hobgoblin misses you.
You hit the hobgoblin but do no damage. The hobgoblin hits you with a +0 club.
* * * LOW HITPOINT WARNING * * *
You take 4 damage, and have 2/22 hp.
You hit the hobgoblin but do no damage. The hobgoblin closely misses you.
You closely miss the hobgoblin. The hobgoblin hits you with a +0 club.
You die...

#.#.##.# #.####.........
#......# #....'.........
###.....b# #..###.).......
.........###..# #........[
.........#....# #.........
.b.......#.##.###.........
#......†b.....'.........
#.....##g#.####.........
#)....##@#.......#.....
#.....##.######.##..#####
#.....##.................
#.....#########........#
#.....############.#.#.#
#.....# #.#.#.# #.....#
#.#.#.# #.....# #.#.#.#
#.....# #.#.###.


You could see a hobgoblin and a bat.

Levels and vault maps discovered:
D:1:      wander_arrival_abandoned_jail, layout_basic

Notes
Turn   | Place    | Note
-------+----------+-------------------------------------------
     0 | D:1      | Redear the Demonspawn Necromancer began the quest for the
                  | Orb.
     0 | D:1      | Reached XP level 1. HP: 13/13 MP: 3/3
   164 | D:1      | Identified a +0 dagger
   167 | D:1      | Identified a +0 short sword
   184 | D:1      | Reached skill level 1 in Fighting
   192 | D:1      | Learned a level 1 spell: Animate Skeleton
   242 | D:1      | Identified a +0 dagger
   247 | D:1      | Identified a +0 club
   255 | D:1      | Gained mutation: You are slightly more attuned to the
                  | shadows. [demonic ancestry]
   255 | D:1      | Reached XP level 2. HP: 7/22 MP: 5/5
   309 | D:1      | Identified a scarf of cloud immunity (You found it on level
                  | 1 of the Dungeon)
   373 | D:1      | Identified a +0 dagger
   421 | D:1      | HP: 4/22 [goblin/+0 dagger (2)]
   427 | D:1      | HP: 3/22 [bat (1)]
   433 | D:1      | HP: 3/22 [bat (1)]
   436 | D:1      | HP: 1/22 [bat (1)]
   734 | D:1      | Identified a +0 club
   739 | D:1      | Reached skill level 2 in Fighting
   765 | D:1      | Identified a +0 club
   810 | D:1      | Identified a +0 club
   836 | D:1      | HP: 2/22 [hobgoblin/+0 club (4)]
   838 | D:1      | Slain by a hobgoblin

Table legend:
 A = Turns spent in this place as a percentage of turns spent in the entire game.
 B = Non-inter-level travel turns spent in this place as a percentage of non-inter-level travel turns spent in the entire game.
 C = Inter-level travel turns spent in this place as a percentage of turns spent in this place.
 D = Turns resting spent in this place as a percentage of non-inter-level travel turns spent in this place.
 E = Turns spent auto-exploring this place as a percentage of non-inter-level travel turns spent in this place.
 F = Non-inter-level travel turns spent in this place divided by the number of levels of this place that you've seen.
                   A       B       C       D       E      F
               +-------+-------+-------+-------+-------+----------------------
         Total | 100.0 | 100.0 |   0.0 |  45.3 |  12.1 | 838.0
       Dungeon | 100.0 | 100.0 |   0.0 |  45.3 |  12.1 | 838.0
               +-------+-------+-------+-------+-------+----------------------

Table legend:
 A = Kills in this place as a percentage of kills in entire the game.
 B = Kills by you in this place as a percentage of kills by you in the entire game.
 C = Kills by friends in this place as a percentage of kills by friends in the entire game.
 D = Other kills in this place as a percentage of other kills in the entire game.
 E = Experience gained in this place as a percentage of experience gained in the entire game.
 F = Experience gained in this place divided by the number of levels of this place that you have seen.
                   A       B       C       D       E      F
               +-------+-------+-------+-------+-------+----------------------
         Total | 100.0 | 100.0 | 100.0 |   N/A | 100.0 |  24.0
       Dungeon | 100.0 | 100.0 | 100.0 |   N/A | 100.0 |  24.0
               +-------+-------+-------+-------+-------+----------------------

Skill      XL: |  1  2 |
---------------+-------+-----
Fighting       | 1 2 |  2.1
Dodging        | |  1.7
Stealth        | |  1.7
Spellcasting   | |  2.0
Necromancy     | |  4.3

Action                   || total
-------------------------++-------
Melee: Unarmed           ||    31
       Short sword       ||    47
Throw: Stone             ||     1
 Cast: Animate Skeleton  ||     6
       Pain              ||     2
Armor: Robe              ||    17
Dodge: Dodged            ||    84

Vanquished Creatures
  A ball python (D:1)
  2 bats (D:1)
  3 goblins (D:1)
  A hobgoblin (D:1)
  4 kobolds (D:1)
  2 rats (D:1)
13 creatures vanquished.

Vanquished Creatures (collateral kills)
  A goblin (D:1)
  A hobgoblin (D:1)
  A kobold (D:1)
3 creatures vanquished.

Grand Total: 16 creatures vanquished
